 Dungeon Crawl Stone Soup version 0.29.0-11-gd7f09526c8 (webtiles) character file.

Game seed: 599014582449541784

240 nickcage the Spear-Bearer (level 6, 0/66 HPs)
             Began as a Merfolk Gladiator on Sept 2, 2022.
             Succumbed to Blork the orc's poison
             ... on level 4 of the Dungeon.
             The game lasted 00:06:10 (3279 turns).

nickcage the Spear-Bearer (Merfolk Gladiator)       Turns: 3279, Time: 00:06:11

Health: 0/66       AC: 23    Str: 17    XL:     6   Next: 8%
Magic:  6/6        EV:  2    Int:  7    God:
Gold:   131        SH:  0    Dex: 15    Spells: 5/5 levels left

rFire   + . .      SeeInvis .   a - +0 trident
rCold   + . .      Faith    .   (no shield)
rNeg    . . .      Spirit   .   (body armour currently unavailable)
rPois   +          Reflect  .   (helmet currently unavailable)
rElec   +          Harm     .   (cloak currently unavailable)
rCorr   +          Rampage  .   (gloves currently unavailable)
Will    .....      NoTele   +   (boots currently unavailable)
Stlth   +.........              (no amulet)
HPRegen 0.21/turn               (no ring)
MPRegen 0.10/turn               (no ring)

@: mighty, lethally poisoned (0 -> -3), tree-form, resistant, hasted, studying
Maces & Flails, very quick
A: stationary, stasis, torment immunity, boosted hp, (nimble swimmer 2),
(mertail)
a: no special abilities


You were on level 4 of the Dungeon.
You were a tree.
You visited 1 branch of the dungeon, and saw 4 of its levels.

You collected 131 gold pieces.

Inventory:

Hand Weapons
 a - a +0 trident (weapon)
Missiles
 d - 3 throwing nets
 e - a javelin (quivered)
Armour
 b - a +0 leather armour
 c - a +0 helmet
 g - a +0 scale mail
 p - a +2 chain mail of poison resistance (melded)
 t - a +0 helmet of intelligence (melded)
Scrolls
 f - 3 scrolls of identify {unknown}
 l - 2 scrolls of blinking {unknown}
 m - a scroll of enchant armour {unknown}
 o - a scroll of amnesia {unknown}
 r - a scroll of butterflies {unknown}
 u - 2 scrolls of immolation {unknown}
 v - a scroll of noise {unknown}
Potions
 h - a potion of resistance
 j - a potion of lignification
 k - a potion of brilliance {unknown}
 n - a potion of might
 q - a potion of invisibility {unknown}
 s - a potion of heal wounds {unknown}
 w - a potion of curing {unknown}


   Skills:
 - Level 2.1 Fighting
 + Level 8.7 Polearms
 - Level 2.0 Throwing
 - Level 4.0 Dodging


You had 5 spell levels left.
You didn't know any spells.
Your spell library contained the following spells:

 Spells                   Type           Power      Damage    Failure   Level
 Ozocubu's Armour         Ice            0%         N/A       80%         3
 Ozocubu's Refrigeration  Ice            0%         4d7       100%        7


Dungeon Overview and Level Annotations

Branches:
Dungeon (4/15)
 Temple: D:4-7

Altars:


Innate Abilities, Weirdness & Mutations

You are a tree.
Your roots penetrate the ground, keeping you stationary.
You cannot be teleported.
You are immune to unholy pain and torment.
Your maximum health is greatly increased.
Your equipment is partially melded.
((You are very nimble when in or above water. (Stealth+, EV+, Speed+++)))
((Your lower body shifts to a powerful aquatic tail in water.))


Message History

You feel very sick.
You have reached level 6!
Okay, then.
You hit the quokka.
The quokka is heavily wounded.
* * * LOW HITPOINT WARNING * * *
You feel very sick.
The quokka bites you but does no damage.
You closely miss the quokka.
The quokka is heavily wounded.
* * * LOW HITPOINT WARNING * * *
You feel very sick.
The quokka bites you but does no damage.
You barely miss the quokka.
The quokka is heavily wounded.
* * * LOW HITPOINT WARNING * * *
You feel very sick.
The quokka bites you but does no damage.
You miss the quokka.
The quokka is heavily wounded.
* * * LOW HITPOINT WARNING * * *
You feel sick. The quokka barely misses you.
It was a potion of resistance.
You feel protected.
* * * LOW HITPOINT WARNING * * *
You feel sick. The quokka barely misses you.
It was a potion of lignification.
You turn into a tree.
Your +0 helmet of intelligence melds into your body.
Your +2 chain mail of poison resistance melds into your body.
You feel stupid.
Your roots penetrate the ground.
* * * LOW HITPOINT WARNING * * *
You feel sick.
The quokka bites you but does no damage.
It was a potion of might.
You feel very mighty all of a sudden.
* * * LOW HITPOINT WARNING * * *
You feel sick. The quokka completely misses you.
It was a potion of haste.
You feel yourself speed up.
You die...

..... ..... # #.
... # #. #. ...
.##
#.##.#####.##...##
.........w.......
....# #g# #..# #r#
######..####♣#
.............#
#..# #####..######
#..# #.....# #..#
#.###.# #..#
##>###.#
#..###.#.##.#
#..##.###.#.#
#....## ##..#


You could see a worm, a quokka and a goblin.

Vanquished Creatures
  Blork the orc (D:4)
  A scorpion (D:4)
  Robin (D:3)
  2 adders (D:3)
  3 dart slugs
  2 orcs (D:3)
  5 endoplasms
  7 giant cockroaches
  11 goblins
  7 hobgoblins
  4 jackals (D:1)
  6 kobolds
  3 quokkas
  7 ball pythons
  6 bats
  3 frilled lizards
  6 rats
75 creatures vanquished.

Notes
Turn   | Place    | Note
-------+----------+-------------------------------------------
     0 | D:1      | nickcage the Merfolk Gladiator began the quest for the Orb.
     0 | D:1      | Reached XP level 1. HP: 16/16 MP: 1/1
     1 | D:1      | Found a runed translucent door.
   719 | D:1      | Reached XP level 2. HP: 17/22 MP: 2/2
   795 | D:1      | Found a faded altar of an unknown god.
   907 | D:1      | Reached skill level 5 in Polearms
  1250 | D:1      | Reached XP level 3. HP: 24/27 MP: 3/3
  1374 | D:2      | Reached skill level 6 in Polearms
  2166 | D:3      | Reached XP level 4. HP: 33/33 MP: 4/4
  2168 | D:3      | Noticed Robin
  2190 | D:3      | Killed Robin
  2478 | D:3      | Reached skill level 7 in Polearms
  2974 | D:4      | Noticed a scorpion
  2982 | D:4      | Killed a scorpion
  2983 | D:4      | Reached XP level 5. HP: 28/38 MP: 5/5
  3115 | D:4      | Reached skill level 8 in Polearms
  3259 | D:4      | Noticed Blork the orc
  3271 | D:4      | Killed Blork the orc
  3272 | D:4      | Reached XP level 6. HP: 13/44 MP: 6/6
  3276 | D:4      | HP: 2/44 [poisoned by Blork the orc]
  3279 | D:4      | Succumbed to Blork the orc's poison

Illustrated notes

Levels and vault maps discovered:
D:1:      dpeg_arrival_caged_fury, layout_loops_ring,
          ebering_ecumenical_altar_ruins
D:2:      layout_basic, lemuel_another_geyser
D:3:      cheibrodos_helix_gallery, layout_loops_cross, nicolae_eternal_life,
          grunt_decor_junction, uniq_robin
D:4:      layout_loops_ring, kennysheep_mini_moat, kennysheep_orc_chapel,
          uniq_blork_the_orc

Skill      XL: |  1  2  3  4  5 |
---------------+----------------+-----
Polearms       | 5 6 7 8 |  8.7
Fighting       | |  2.1
Throwing       | |  2.0
Dodging        | |  4.0

Action                   |  1- 3 |  4- 6 || total
-------------------------+-------+-------++-------
Melee: Trident           |   113 |   108 ||   221
       Punch             |     1 |       ||     1
Throw: Javelin           |       |     1 ||     1
  Use: Potion            |       |     4 ||     4
 Stab: Sleeping          |     1 |       ||     1
Armor: Scale mail        |    36 |       ||    36
       Leather armour    |     1 |       ||     1
       Chain mail        |     3 |    69 ||    72
       Skin              |       |     1 ||     1
Dodge: Dodged            |    58 |    41 ||    99
